 Dungeon Crawl Stone Soup version 0.26-a0-631-ged93497179 (webtiles) character file.

Game seed: 3120275158086622220

162139 Gargoyl the Corrupter of Planes (level 17, -8/136 HPs)
             Began as a Gnoll Abyssal Knight on Sept 12, 2020.
             Was the Champion of Lugonu.
             Mangled by a salamander (15 damage)
             ... on level 4 of the Snake Pit.
             The game lasted 01:01:55 (33585 turns).

Gargoyl the Corrupter of Planes (GnAK)             Turns: 33585, Time: 01:01:56

Health: -8/136     AC: 32    Str: 25    XL:     17   Next: 80%
Magic:  32/32      EV: 17    Int: 19    God:    Lugonu [******]
Gold:   3040       SH: 11    Dex: 28    Spells: 39/39 levels left

rFire    . . .     SeeInvis +   y - +9 mace "Keqi Uwk" {flame, rC+ Dex+5}
rCold    + . .     Faith    .   v - +2 buckler {AC+3}
rNeg     . . .     Spirit   .   Z - +1 plate armour {rPois}
rPois    +         Reflect  .   p - +1 helmet {SInv}
rElec    .         Harm     .   i - +2 cloak
rCorr    .         Rampage  .   R - +2 pair of gloves
MR       ++...                  Q - +0 pair of boots {run}
Stlth    +.........             r - amulet of regeneration
HPRegen  0.72/turn              m - +6 ring of dexterity
MPRegen  0.23/turn              L - ring of Nineoff {MR+ Str+4 Int+4 Dex+2}

@: lethally poisoned (-8 -> -8), quick
A: distributed training, fangs 1, icy blue scales 1, blurry vision 1, wild magic
1, strong nose
a: Depart the Abyss, Bend Space, Banish, Corrupt, Enter the Abyss, Brand Weapon
With Distortion, Renounce Religion


You were on level 4 of the Snake Pit.
You worshipped Lugonu.
Lugonu was exalted by your worship.
You visited 4 branches of the dungeon, and saw 27 of its levels.
You visited the Abyss 2 times.

You collected 3977 gold pieces.
You spent 937 gold pieces at shops.

Inventory:

Hand Weapons
 t - a +2 broad axe
 y - the +9 mace "Keqi Uwk" (weapon) {flame, rC+ Dex+5}
   (You bought it in a shop on level 8 of the Dungeon)

   It has been specially enchanted to burn those struck by it, causing extra
   injury to most foes and up to half again as much damage against particularly
   susceptible opponents.
   It affects your dexterity (+5).
   It protects you from cold.
 A - a +3 scimitar of flaming
 T - a +5 war axe of freezing
Missiles
 k - 27 boomerangs (quivered)
 X - 8 javelins
Armour
 i - a +2 cloak (worn)
 p - a +1 helmet of see invisible (worn)
 v - a +2 buckler of protection (worn)
 K - the +3 chain mail of the Fletcher {rF+ Str+3}
   (You found it on level 2 of the Lair of Beasts)

   It affects your strength (+3).
   It protects you from fire.
 Q - a +0 pair of boots of running (worn)
 R - a +2 pair of gloves (worn)
 Z - a +1 plate armour of poison resistance (worn)
Jewellery
 c - a +4 ring of evasion
 m - a +6 ring of dexterity (left hand)
 o - the ring of Fedhas's Hatred {*Tele rElec rF+ Str+3 Dex-2, unknown}
   (You found it on level 3 of the Snake Pit)

   [ring of teleportation]

   It may teleport you next to monsters.
   It affects your strength (+3).
   It affects your dexterity (-2).
   It protects you from fire.
   It insulates you from electricity.
 r - an amulet of regeneration (around neck)
 s - an uncursed ring of positive energy
 L - the ring of Nineoff (right hand) {MR+ Str+4 Int+4 Dex+2}
   (You acquired it on level 3 of the Lair of Beasts)

   [ring of protection from magic]

   It affects your strength (+4).
   It affects your intelligence (+4).
   It affects your dexterity (+2).
   It affects your resistance to hostile enchantments.
 S - an uncursed ring of protection from fire {unknown}
 W - an uncursed ring of ice
Wands
 C - a wand of flame (41)
 G - a wand of acid (28)
 H - a wand of paralysis (7)
 M - a wand of random effects (76)
 N - a wand of polymorph (24)
 P - a wand of digging (6)
Scrolls
 a - 3 scrolls of blinking
 e - 9 scrolls of remove curse
 h - 8 scrolls of teleportation
 u - 6 scrolls of identify
 B - 5 scrolls of fog
 D - 2 scrolls of summoning
 E - 5 scrolls of fear
 I - 3 scrolls of magic mapping
Potions
 b - 5 potions of flight
 d - 2 potions of cancellation
 f - 6 potions of might
 g - 10 potions of haste
 j - 6 potions of lignification
 l - 3 potions of heal wounds
 n - 5 potions of stabbing
 q - 2 potions of curing
 w - 5 potions of magic
 x - a potion of mutation
 z - 2 potions of invisibility
 F - 2 potions of brilliance
 J - 2 potions of berserk rage
 O - 2 potions of resistance
 Y - a potion of ambrosia


   Skills:
 + Level 13.1 Fighting
 + Level 11.7 Short Blades
 + Level 11.7 Long Blades
 + Level 12.5 Axes
 + Level 11.7 Maces & Flails
 + Level 11.7 Polearms
 + Level 11.7 Staves
 + Level 11.7 Slings
 + Level 11.7 Bows
 + Level 11.7 Crossbows
 + Level 11.7 Throwing
 + Level 12.5 Armour
 + Level 12.0 Dodging
 + Level 11.7 Stealth
 + Level 11.7 Shields
 + Level 11.7 Unarmed Combat
 + Level 11.7 Spellcasting
 + Level 10.0 Conjurations
 + Level 10.0 Hexes
 + Level 10.0 Summonings
 + Level 10.0 Necromancy
 + Level 10.0 Translocations
 + Level 10.0 Transmutations
 + Level 10.0 Fire Magic
 + Level 10.0 Ice Magic
 + Level 10.0 Air Magic
 + Level 10.0 Earth Magic
 + Level 10.0 Poison Magic
 + Level 13.3 Invocations
 + Level 11.7 Evocations


You had 39 spell levels left.
You didn't know any spells.
Your spell library contained the following spells:

 Spells                   Type           Power        Failure   Level
 Animate Skeleton         Necr           ######       1%          1
 Apportation              Tloc           ######       1%          1
 Beastly Appendage        Tmut           ######       1%          1
 Corona                   Hex            ######.      1%          1
 Magic Dart               Conj           ####         1%          1
 Summon Small Mammal      Summ           ####         1%          1
 Blink                    Tloc           N/A          2%          2
 Call Imp                 Summ           ######..     2%          2
 Ensorcelled Hibernation  Hex/Ice        ######       2%          2
 Slow                     Hex            ######..     2%          2
 Wereblood                Tmut           ######..     2%          2
 Confusing Touch          Hex            ######..     4%          3
 Conjure Flame            Conj/Fire      ######..     4%          3
 Dazzling Flash           Conj/Hex       ######       4%          3
 Inner Flame              Hex/Fire       ######..     4%          3
 Mephitic Cloud           Conj/Pois/Air  ######..     4%          3
 Portal Projectile        Hex/Tloc       ######       4%          3
 Spider Form              Tmut/Pois      ######....   4%          3
 Tukima's Dance           Hex            ######..     4%          3
 Cause Fear               Hex            ######....   13%         4
 Ice Form                 Ice/Tmut       ######..     13%         4
 Leda's Liquefaction      Hex/Erth       ######....   13%         4
 Blade Hands              Tmut           ######....   32%         5
 Bolt of Magma            Conj/Fire/Erth ######....   32%         5
 Iron Shot                Conj/Erth      ######....   85%         6
 Statue Form              Tmut/Erth      ######...    85%         6
 Shatter                  Erth           ######....   100%        9


Dungeon Overview and Level Annotations

Branches:
Dungeon (15/15)            Temple (0/1) D:7            Lair (6/6) D:8
 Shoals (0/4) Lair:3        Snake (4/4) Lair:2        Slime (0/5) Lair:6
    Orc (2/2) D:12            Elf (0/3) Orc:2        Vaults (0/5) D:13
 Depths (0/5) D:15

Altars:
Fedhas
Makhleb
Okawaru
Uskayaw
Zin
The Shining One
Beogh

Shops:
D:6 *   D:8 (   D:13 !   Orc:1 (   Orc:2 ([=[   Snake:2 *

Portals:
Abyss: Snake:2

Annotations:
Snake:2 2 transporters, Plog's ghost, adept DrIE


Innate Abilities, Weirdness & Mutations

Your experience applies equally to all skills.
You have very sharp teeth.
Your uncanny sense of smell can sniff out nearby items.
You are partially covered in icy blue scales. (AC +2)
Scrolls take you a little longer to read.
Your spells are a little harder to cast, but a little more powerful.


Message History

You bite the salamander, but do no damage.
The salamander is heavily wounded.
The salamander barely misses you. The naga misses you.
You block the naga's attack. The salamander closely misses you.
You feel sick.
The salamander hits you but does no damage.
Things that are here:
an arrow; a black mamba corpse You hit the salamander.
The salamander is severely wounded.
The salamander hits you!
* * * LOW HITPOINT WARNING * * *
You are engulfed in flames!
* * * LOW HITPOINT WARNING * * *
You bludgeon the salamander!!
The salamander is almost dead.
The salamander hits you.
* * * LOW HITPOINT WARNING * * *
You are engulfed in flames!
You die...

.[ ( ###.
#... #..# #
#..# ...
#..###.....
#.(†....#
##@###.##
##N###.##
##NNN....#
#.(......#
#(.......##.
#..(.......
#........##
#........#
#........##..


You could see 2 salamanders and 2 nagas.

Vanquished Creatures
  2 nagarajas
  An orc warlord (Orc:1)
  An ironheart preserver (D:13)
  Nessos (D:14)
  The ghost of Semad the Covert, a journeyman OpCj of Sif Muna (D:12)
  Snorg (Lair:4)
  2 fire dragons
  9 naga warriors
  An ice dragon (D:15)
  Fannar (D:12)
  6 hydras
  4 death knights
  Erica (D:8)
  3 ogre magi (D:15)
  5 anacondas
  4 centaur warriors
  A catoblepas (Lair:5)
  18 two-headed ogres
  A tengu warrior (D:13)
  2 orc high priests
  14 death yaks
  6 shock serpents
  4 naga sharpshooters
  Sonja (Orc:2)
  3 salamander mystics
  2 sea snakes (Snake:2)
  4 skeletal warriors
  A wizard (D:14)
  5 naga ritualists
  An unseen horror (D:15)
  A swamp dragon (Lair:6)
  A spectral wolf spider (D:12)
  2 wolf spider zombies (D:12)
  A wolf spider (D:15)
  4 orc sorcerers
  24 ugly things
  A deep elf mage (D:10)
  5 orc knights
  2 mana vipers (Snake:2)
  A manticore (D:11)
  4 salamanders
  3 cyclopes
  2 spectral centaurs (D:12)
  Joseph (D:10)
  An ice statue (D:11)
  27 black mambas
  11 cane toads
  9 naga magi
  Psyche (D:9)
  16 elephants
  A torpor snail (Lair:6)
  2 guardian serpents (Snake:3)
  A gargoyle (D:11)
  2 freezing wraiths
  4 centaur skeletons
  6 rime drakes
  7 komodo dragons
  A tormentor (D:11)
  A harpy zombie (D:15)
  9 trolls
  19 blink frogs
  9 polar bears (Lair:6)
  15 slime creatures
  3 raiju (Lair:6)
  9 hippogriffs
  6 dream sheep
  A meliai zombie (D:12)
  3 centaur simulacra
  2 shadows
  5 wraiths
  26 yaks
  A wyvern (D:14)
  5 basilisks
  A redback simulacrum (D:12)
  A chaos spawn (Abyss:1)
  7 wargs
  2 large abominations (Abyss:1)
  13 water moccasins
  3 acid dragons
  32 nagas
  A soldier ant (D:14)
  14 hell hounds (Lair:6)
  10 porcupines
  3 swamp drakes (Lair:6)
  37 orc warriors
  3 sky beasts
  15 black bears
  A phantom (D:13)
  4 necrophages
  15 ogres
  17 wolves
  21 centaurs
  13 crocodiles
  A big kobold (D:9)
  A big kobold (shapeshifter) (D:14)
  16 bullfrogs
  2 wyvern zombies
  A hornet simulacrum (D:12)
  2 scorpions
  7 killer bees (D:13)
  9 wights
  5 howler monkeys
  2 bullfrog zombies
  3 centaur zombies
  2 quasits
  4 jellies
  A gnoll shaman (D:8)
  8 orc priests
  4 hounds
  2 bullfrog skeletons
  6 iguanas
  Ijyb (D:5)
  13 orc wizards
  2 killer bee zombies
  13 worker ants
  A small abomination (Abyss:1)
  A hound zombie (D:6)
  A hound skeleton (D:10)
  A howler monkey zombie (D:6)
  2 worker ant zombies
  11 gnolls
  11 adders
  A shadow imp (D:8)
  3 white imps
  An ufetubus (D:9)
  An adder skeleton (D:5)
  3 adder zombies
  3 worms
  A dart slug (D:4)
  8 leopard geckos
  73 orcs
  4 giant cockroaches
  8 goblins
  6 hobgoblins
  2 jackals (D:9)
  4 quokkas
  2 ball pythons
  11 bats
  6 frilled lizards
  3 jackal skeletons
  7 kobolds
  A leopard gecko zombie (D:7)
  A quokka skeleton (D:4)
  A quokka zombie (D:4)
  7 rats
864 creatures vanquished.

Vanquished Creatures (collateral kills)
  A wyvern (D:13)
  A bullfrog skeleton (D:13)
2 creatures vanquished.

Vanquished Creatures (others)
  An orc (Orc:2)
  A bush (Lair:6)
  36 fungi
  78 plants
116 creatures vanquished.

Grand Total: 982 creatures vanquished

Notes
Turn   | Place    | Note
-------+----------+-------------------------------------------
     0 | Abyss:1  | Gargoyl the Gnoll Abyssal Knight began the quest for the
                  | Orb.
     0 | Abyss:1  | Reached XP level 1. HP: 23/23 MP: 3/3
     1 | Abyss:1  | Found a corrupted altar of Lugonu.
    12 | Abyss:2  | Noticed a hellwing
    45 | Abyss:2  | Noticed a large abomination
    48 | D:1      | Escaped the Abyss
   218 | D:1      | Reached XP level 2. HP: 29/29 MP: 5/5
   223 | D:1      | Reached * piety under Lugonu
  1404 | D:2      | Reached XP level 3. HP: 35/35 MP: 6/6
  1732 | D:2      | Reached skill level 1 in Short Blades
  1732 | D:2      | Reached skill level 1 in Long Blades
  1732 | D:2      | Reached skill level 1 in Maces & Flails
  1732 | D:2      | Reached skill level 1 in Polearms
  1732 | D:2      | Reached skill level 1 in Staves
  1732 | D:2      | Reached skill level 1 in Slings
  1732 | D:2      | Reached skill level 1 in Bows
  1732 | D:2      | Reached skill level 1 in Crossbows
  1732 | D:2      | Reached skill level 1 in Throwing
  1732 | D:2      | Reached skill level 1 in Stealth
  1732 | D:2      | Reached skill level 1 in Shields
  1732 | D:2      | Reached skill level 1 in Unarmed Combat
  1732 | D:2      | Reached skill level 1 in Spellcasting
  1732 | D:2      | Reached skill level 1 in Evocations
  1857 | D:2      | Reached XP level 4. HP: 41/41 MP: 7/7
  2067 | D:2      | Reached skill level 1 in Conjurations
  2067 | D:2      | Reached skill level 1 in Hexes
  2067 | D:2      | Reached skill level 1 in Summonings
  2067 | D:2      | Reached skill level 1 in Necromancy
  2067 | D:2      | Reached skill level 1 in Translocations
  2067 | D:2      | Reached skill level 1 in Transmutations
  2067 | D:2      | Reached skill level 1 in Fire Magic
  2067 | D:2      | Reached skill level 1 in Ice Magic
  2067 | D:2      | Reached skill level 1 in Air Magic
  2067 | D:2      | Reached skill level 1 in Earth Magic
  2067 | D:2      | Reached skill level 1 in Poison Magic
  2284 | D:2      | You fall into a shaft and drop 1 floor!
  2289 | D:3      | Reached XP level 5. HP: 47/47 MP: 8/8
  2362 | D:3      | Reached ** piety under Lugonu
  3047 | D:3      | Found an iron altar of Okawaru.
  3419 | D:4      | Reached skill level 5 in Invocations
  3472 | D:4      | Reached XP level 6. HP: 53/53 MP: 9/9
  3808 | D:4      | Reached skill level 5 in Axes
  3808 | D:4      | Reached skill level 5 in Armour
  4226 | D:5      | Entered Level 5 of the Dungeon
  4297 | D:5      | Noticed Ijyb
  4305 | D:5      | Reached XP level 7. HP: 53/59 MP: 10/10
  4306 | D:5      | Paralysed by Ijyb for 6 turns
  4315 | D:5      | Paralysed by Ijyb for 6 turns
  4332 | D:5      | Killed Ijyb
  5016 | D:6      | Reached *** piety under Lugonu
  5117 | D:6      | Reached XP level 8. HP: 60/67 MP: 12/12
  5313 | D:6      | Found Ostesiz's General Store.
  5767 | D:6      | Found a hide-covered altar of Uskayaw.
  6258 | D:7      | Found a staircase to the Ecumenical Temple.
  6870 | D:7      | Reached XP level 9. HP: 68/72 MP: 14/14
  7079 | D:7      | Reached **** piety under Lugonu
  7298 | D:8      | Found Ylaunn's Antique Weapon Shop.
  7318 | D:8      | Bought a dazzling mace for 224 gold pieces
  7318 | D:8      | Identified the +9 mace "Keqi Uwk" {flame, rC+ Dex+5} (You
                  | bought it in a shop on level 8 of the Dungeon)
  7455 | D:8      | Reached skill level 5 in Dodging
  7552 | D:8      | Noticed Erica
  7571 | D:8      | Killed Erica
  7605 | D:8      | Found a staircase to the Lair.
  7667 | D:8      | Reached XP level 10. HP: 51/80 MP: 17/17
  7722 | D:8      | Noticed a two-headed ogre
  7729 | D:8      | Killed a two-headed ogre
  7729 | D:8      | Reached skill level 5 in Short Blades
  7729 | D:8      | Reached skill level 5 in Long Blades
  7729 | D:8      | Reached skill level 5 in Maces & Flails
  7729 | D:8      | Reached skill level 5 in Polearms
  7729 | D:8      | Reached skill level 5 in Staves
  7729 | D:8      | Reached skill level 5 in Slings
  7729 | D:8      | Reached skill level 5 in Bows
  7729 | D:8      | Reached skill level 5 in Crossbows
  7729 | D:8      | Reached skill level 5 in Throwing
  7729 | D:8      | Reached skill level 5 in Stealth
  7729 | D:8      | Reached skill level 5 in Shields
  7729 | D:8      | Reached skill level 5 in Unarmed Combat
  7729 | D:8      | Reached skill level 5 in Spellcasting
  7729 | D:8      | Reached skill level 5 in Evocations
  8357 | Lair:1   | Entered Level 1 of the Lair of Beasts
  8447 | Lair:1   | Identified a scroll of acquirement
  8447 | Lair:1   | Acquired a +2 buckler of protection
  8692 | Lair:1   | Noticed a cane toad
  8704 | Lair:1   | Killed a cane toad
  8809 | Lair:1   | Noticed a cane toad
  8820 | Lair:1   | Killed a cane toad
  8920 | Lair:1   | Noticed a black mamba
  8927 | Lair:1   | Killed a black mamba
  9092 | Lair:1   | Noticed a cane toad
  9099 | Lair:1   | Killed a cane toad
  9346 | Lair:2   | Reached XP level 11. HP: 84/87 MP: 19/19
  9481 | Lair:2   | Found a staircase to the Snake Pit.
  9490 | Lair:2   | Reached skill level 5 in Conjurations
  9490 | Lair:2   | Reached skill level 5 in Hexes
  9490 | Lair:2   | Reached skill level 5 in Summonings
  9490 | Lair:2   | Reached skill level 5 in Necromancy
  9490 | Lair:2   | Reached skill level 5 in Translocations
  9490 | Lair:2   | Reached skill level 5 in Transmutations
  9490 | Lair:2   | Reached skill level 5 in Fire Magic
  9490 | Lair:2   | Reached skill level 5 in Ice Magic
  9490 | Lair:2   | Reached skill level 5 in Air Magic
  9490 | Lair:2   | Reached skill level 5 in Earth Magic
  9490 | Lair:2   | Reached skill level 5 in Poison Magic
  9889 | Lair:2   | Got a scorched chain mail
  9904 | Lair:2   | Identified the +3 chain mail of the Fletcher {rF+ Str+3}
                  | (You found it on level 2 of the Lair of Beasts)
 10867 | Lair:3   | Found a staircase to the Shoals.
 10972 | Lair:3   | Noticed a seven-headed hydra
 10981 | Lair:3   | Killed a seven-headed hydra
 11052 | Lair:3   | Reached ***** piety under Lugonu
 11059 | Lair:3   | Noticed a six-headed hydra
 11069 | Lair:3   | Killed a six-headed hydra
 11546 | Lair:3   | Acquired the ring of Nineoff {MR+ Str+4 Int+4 Dex+2}
 11666 | Lair:4   | Noticed a five-headed hydra
 11675 | Lair:4   | Killed a one-headed hydra
 11675 | Lair:4   | Reached XP level 12. HP: 79/96 MP: 22/22
 12028 | Lair:4   | Noticed Snorg
 12040 | Lair:4   | Killed Snorg
 13105 | Lair:5   | Reached skill level 10 in Fighting
 13307 | Lair:5   | Noticed a catoblepas
 13333 | Lair:5   | Killed a catoblepas
 13450 | Lair:5   | Reached XP level 13. HP: 79/103 MP: 24/24
 13806 | Lair:6   | Entered Level 6 of the Lair of Beasts
 13898 | Lair:5   | Reached skill level 10 in Invocations
 15109 | Lair:5   | Reached XP level 14. HP: 56/111 MP: 26/26
 15118 | Lair:5   | Reached skill level 10 in Axes
 15118 | Lair:5   | Reached skill level 10 in Armour
 16459 | Lair:6   | Reached ****** piety under Lugonu
 16593 | Lair:6   | Found a staircase to the Slime Pits.
 18052 | D:9      | Got a pitted trident
 18057 | D:9      | Identified the cursed +1 trident of Ced Nuff {speed, Dex+2}
                  | (You found it on level 9 of the Dungeon)
 18180 | D:9      | Noticed Psyche
 18184 | D:9      | Killed Psyche
 18711 | D:10     | Entered Level 10 of the Dungeon
 19057 | D:10     | Identified a +0 pair of boots of running (You found it on
                  | level 10 of the Dungeon)
 19181 | D:10     | Found a glowing golden altar of the Shining One.
 19181 | D:10     | Noticed Joseph
 19258 | D:10     | Killed Joseph
 19554 | D:10     | Reached skill level 10 in Dodging
 20052 | D:10     | Reached XP level 15. HP: 54/119 MP: 28/28
 21235 | D:12     | Found a burning altar of Makhleb.
 21359 | D:12     | You fall into a shaft and drop 1 floor!
 21406 | D:13     | Found a gate to the Vaults.
 21579 | D:13     | Got a twisted hand axe
 21580 | D:13     | Identified the +0 hand axe "Gnoll's Curse" {venom, *Corrode
                  | rC+ MR- Int+5} (You found it on level 13 of the Dungeon)
 21701 | D:12     | Reached skill level 10 in Short Blades
 21701 | D:12     | Reached skill level 10 in Long Blades
 21701 | D:12     | Reached skill level 10 in Maces & Flails
 21701 | D:12     | Reached skill level 10 in Polearms
 21701 | D:12     | Reached skill level 10 in Staves
 21701 | D:12     | Reached skill level 10 in Slings
 21701 | D:12     | Reached skill level 10 in Bows
 21701 | D:12     | Reached skill level 10 in Crossbows
 21701 | D:12     | Reached skill level 10 in Throwing
 21701 | D:12     | Reached skill level 10 in Stealth
 21701 | D:12     | Reached skill level 10 in Shields
 21701 | D:12     | Reached skill level 10 in Unarmed Combat
 21701 | D:12     | Reached skill level 10 in Spellcasting
 21701 | D:12     | Reached skill level 10 in Evocations
 21813 | D:12     | Found a staircase to the Orcish Mines.
 22621 | D:12     | Found a runed translucent gate.
 22621 | D:12     | Found a runed translucent gate.
 22621 | D:12     | Found a runed translucent gate.
 22630 | D:12     | Noticed Semad's ghost (journeyman OpCj)
 22709 | D:12     | Killed Semad's ghost
 22845 | D:12     | Noticed Fannar
 22849 | D:12     | Killed Fannar
 23412 | D:13     | Found Ireuqe's Distillery.
 23419 | D:13     | Bought a potion of heal wounds for 85 gold pieces
 23419 | D:13     | Bought a potion of heal wounds for 85 gold pieces
 23419 | D:13     | Bought a potion of heal wounds for 85 gold pieces
 23419 | D:13     | Bought a potion of mutation for 136 gold pieces
 23419 | D:13     | Gained mutation: Scrolls take you a little longer to read.
                  | [potion of mutation]
 23419 | D:13     | Gained mutation: You are partially covered in icy blue
                  | scales. (AC +2) [potion of mutation]
 23419 | D:13     | Gained mutation: Your spells are a little harder to cast,
                  | but a little more powerful. [potion of mutation]
 24083 | D:14     | Found a blossoming altar of Fedhas.
 24440 | D:14     | Noticed Nessos
 24475 | D:14     | Killed Nessos
 24933 | D:14     | Reached XP level 16. HP: 127/127 MP: 30/30
 25012 | D:15     | Entered Level 15 of the Dungeon
 25878 | D:15     | Found a staircase to the Depths.
 26029 | D:15     | Found a glowing silver altar of Zin.
 26335 | Orc:1    | Entered Level 1 of the Orcish Mines
 26335 | Orc:1    | Found a roughly hewn altar of Beogh.
 26449 | Orc:1    | Found Morystrib's Weapon Shoppe.
 26757 | Orc:2    | Entered Level 2 of the Orcish Mines
 27230 | Orc:2    | Noticed Sonja
 27270 | Orc:2    | Killed Sonja
 27367 | Orc:2    | Paralysed by an orc sorcerer for 4 turns
 27378 | Orc:2    | HP: 1/129 [orc high priest/divine providence (11)]
 27643 | Orc:2    | Found a staircase to the Elven Halls.
 28274 | Orc:2    | Found Vugoanyo's Antique Armour Shoppe.
 28274 | Orc:2    | Found Caofuo's Jewellery Boutique.
 28276 | Orc:2    | Found Zudowuun's Antique Armour Shop.
 28278 | Orc:2    | Found Eraus's Weapon Emporium.
 28399 | Orc:2    | Bought a shiny helmet for 322 gold pieces
 28778 | Snake:1  | Entered Level 1 of the Snake Pit
 29123 | Snake:1  | Reached XP level 17. HP: 106/135 MP: 32/32
 29751 | Snake:2  | Found Gizuw's General Store.
 29769 | Snake:2  | Noticed Plog's ghost (adept DrIE)
 29856 | Snake:2  | Noticed a profane servitor
 29871 | Snake:2  | Identified the +5 flail of Irritation {distort, rC+}
 29871 | Snake:2  | Identified the ring "Ynyv" {rCorr Dex+3}
 30798 | Snake:2  | Found a one-way gate to the infinite horrors of the Abyss.
 30804 | Snake:2  | Found a transporter.
 30821 | Snake:2  | Found a transporter.
 32336 | Snake:3  | Found the +8 trident of the Octopus King {venom, rElec
                  | rPois MR+}
 32341 | Snake:3  | Got a bound tin ring
 32480 | Snake:4  | Entered Level 4 of the Snake Pit
 33205 | Snake:3  | Reached skill level 10 in Conjurations
 33205 | Snake:3  | Reached skill level 10 in Hexes
 33205 | Snake:3  | Reached skill level 10 in Summonings
 33205 | Snake:3  | Reached skill level 10 in Necromancy
 33205 | Snake:3  | Reached skill level 10 in Translocations
 33205 | Snake:3  | Reached skill level 10 in Transmutations
 33205 | Snake:3  | Reached skill level 10 in Fire Magic
 33205 | Snake:3  | Reached skill level 10 in Ice Magic
 33205 | Snake:3  | Reached skill level 10 in Air Magic
 33205 | Snake:3  | Reached skill level 10 in Earth Magic
 33205 | Snake:3  | Reached skill level 10 in Poison Magic
 33527 | Snake:4  | Escaped the Abyss
 33585 | Snake:4  | Mangled by a salamander

Illustrated notes

Levels and vault maps discovered:
D:1:      dpeg_arrival_radiant, layout_basic, minmay_misc_feat_four_crosses,
          corexii_hall_statues_x
D:2:      layout_basic, nicolae_underground_beach
D:3:      layout_loops_ring, okawaru_gym_becter
D:4:      layout_loops_ring
D:5:      layout_gridville, uniq_ijyb
D:6:      minmay_octagon_keep, layout_loops_ring, marbit_many_paths,
          serial_shops, shop, hangedman_abyss_or_decor_stabs
D:7:      layout_gridville, minmay_temple_entry_water_ring,
          serial_park_tiny_pond
D:8:      layout_loops_corners, lair_entry_dummy, serial_shops,
          nicolae_shop_trees, dk_rats_in_the_wall, uniq_erica
D:9:      minmay_s_stair_smasher, layout_irregular_city,
          minmay_fractal_squares_gapless_5, uniq_psyche
D:10:     layout_basic, tso_metal_star, uniq_joseph
D:11:     cheibrodos_tormentor_scu, layout_loops_ring, portal_ice_cave_rime,
          minivault_16, hex_medium
D:12:     layout_basic, david_orc_1_choice, basic_altar,
          gammafunk_ghost_necromancy, uniq_fannar
D:13:     layout_basic, skrybe_vaults_entry_preservation, serial_shops,
          nicolae_shop_waterfront
D:14:     layout_long_grid, fedhas_altar_2, uniq_nessos
D:15:     grunt_enter_depths_hoard, layout_rooms, lemuel_altar_in_water
Lair:1:   layout_cave_pods
Lair:2:   layout_cave_pods, minmay_snake_entry_guardpost_small,
          grunt_megastairs_2
Lair:3:   layout_roguey, elwin_shoals_entry_rocks, enter_volcano_4
Lair:4:   layout_cave_pods, grunt_megastairs_1, infiniplex_staircase_pool_2,
          uniq_snorg
Lair:5:   layout_loops_ring, grunt_megastairs_5, lemuel_fruit_tree,
          minmay_lair_oklob_chamber, serial_bayou_shore_b
Lair:6:   guppyfry_lair_end_dragon, layout_long_grid,
          hangedman_lair_caniforms_friends, minmay_slime_entry_pillars,
          serial_bayou_shore_b
Snake:1:  layout_rooms
Snake:2:  layout_misc_corridors, serial_shops, shop,
          gammafunk_ghost_abyssal_escape, serial_bayou_shore_a
Snake:3:  layout_rooms, fake_guardian_serpent_vault
Snake:4:  snake_pit, layout_gridlike, minmay_shop_star
Orc:1:    layout_caves, serial_shops, shop, basic_altar
Orc:2:    st_orc_rangers, layout_caves, uniq_sonja

Skill      XL: |  1  2  3  4  5  6  7  8  9 10 11 12 13 14 15 16 17 |
---------------+----------------------------------------------------+-----
Short Blades   | 1 2 3 4 5 6 7 8 9 10 11 | 11.7
Long Blades    | 1 2 3 4 5 6 7 8 9 10 11 | 11.7
Maces & Flails | 1 2 3 4 5 6 7 8 9 10 11 | 11.7
Polearms       | 1 2 3 4 5 6 7 8 9 10 11 | 11.7
Staves         | 1 2 3 4 5 6 7 8 9 10 11 | 11.7
Slings         | 1 2 3 4 5 6 7 8 9 10 11 | 11.7
Bows           | 1 2 3 4 5 6 7 8 9 10 11 | 11.7
Crossbows      | 1 2 3 4 5 6 7 8 9 10 11 | 11.7
Throwing       | 1 2 3 4 5 6 7 8 9 10 11 | 11.7
Stealth        | 1 2 3 4 5 6 7 8 9 10 11 | 11.7
Shields        | 1 2 3 4 5 6 7 8 9 10 11 | 11.7
Unarmed Combat | 1 2 3 4 5 6 7 8 9 10 11 | 11.7
Spellcasting   | 1 2 3 4 5 6 7 8 9 10 11 | 11.7
Evocations     | 1 2 3 4 5 6 7 8 9 10 11 | 11.7
Conjurations   | 1 2 3 4 5 6 7 8 9 10 | 10.0
Hexes          | 1 2 3 4 5 6 7 8 9 10 | 10.0
Summonings     | 1 2 3 4 5 6 7 8 9 10 | 10.0
Necromancy     | 1 2 3 4 5 6 7 8 9 10 | 10.0
Translocations | 1 2 3 4 5 6 7 8 9 10 | 10.0
Transmutations | 1 2 3 4 5 6 7 8 9 10 | 10.0
Fire Magic     | 1 2 3 4 5 6 7 8 9 10 | 10.0
Ice Magic      | 1 2 3 4 5 6 7 8 9 10 | 10.0
Air Magic      | 1 2 3 4 5 6 7 8 9 10 | 10.0
Earth Magic    | 1 2 3 4 5 6 7 8 9 10 | 10.0
Poison Magic   | 1 2 3 4 5 6 7 8 9 10 | 10.0
Dodging        | 3 4 5 6 7 8 9 10 11 12 | 12.0
Invocations    | 5 6 7 8 9 10 11 12 13 | 13.3
Axes           | 5 6 7 8 9 10 11 12 | 12.5
Armour         | 5 6 7 8 9 10 11 12 | 12.5
Fighting       | 7 8 9 10 11 12 13 | 13.1

Action                   |  1- 3 |  4- 6 |  7- 9 | 10-12 | 13-15 | 16-18 || total
-------------------------+-------+-------+-------+-------+-------+-------++-------
Melee: Hand axe          |   106 |   143 |   290 |    18 |       |       ||   557
       Bite              |    11 |    21 |    51 |    93 |   426 |   291 ||   893
       Punch             |       |     1 |     9 |     4 |       |       ||    14
       Mace              |       |       |    64 |   389 |  1685 |  1309 ||  3447
       Scimitar          |       |       |       |     6 |    21 |       ||    27
       Unarmed           |       |       |       |       |       |    20 ||    20
Throw: Boomerang         |       |       |       |     6 |    10 |     2 ||    18
Invok: Depart the Abyss  |     1 |       |       |       |       |     1 ||     2
       Banish            |       |       |       |     5 |     4 |     3 ||    12
       Bend Space        |       |       |       |       |     2 |     9 ||    11
       Enter the Abyss   |       |       |       |       |       |     1 ||     1
Evoke: Wand              |       |       |       |       |     1 |       ||     1
  Use: Scroll            |     5 |     5 |     4 |    10 |    26 |    12 ||    62
       Potion            |       |       |     3 |       |     9 |     2 ||    14
 Stab: Petrified         |       |       |       |     2 |       |       ||     2
       Sleeping          |       |       |       |       |     7 |     1 ||     8
       Distracted        |       |       |       |       |     1 |       ||     1
Armor: Leather armour    |    24 |       |       |       |       |       ||    24
       Plate armour      |    83 |   108 |    12 |       |       |   316 ||   519
       Chain mail        |       |       |   251 |   227 |   721 |   292 ||  1491
       Skin              |       |       |       |       |     1 |     1 ||     2
Dodge: Dodged            |    81 |    47 |   220 |   246 |  1172 |  1045 ||  2811
Block: Buckler           |       |       |       |   208 |   936 |   952 ||  2096
       Rpst.: Scimitar   |       |       |       |       |     5 |       ||     5

Table legend: (Time is in decaauts)
 A = Elapsed time spent in this place.
 B = Non-inter-level travel time spent in this place.
 C = Inter-level travel time spent in this place.
 D = Time resting spent in this place.
 E = Time spent auto-exploring this place.
 F = Levels seen in this place.
 G = Mean time per level.
                   A        B        C        D        E       F      G
               +--------+--------+--------+--------+--------+-----+--------+
         Total |  32803 |  31307 |   1496 |   7408 |  14974 |  30 | 1093.4 |
       Dungeon |  16788 |  15721 |   1067 |   2653 |   8841 |  15 | 1119.2 |
          Lair |   9298 |   8961 |    337 |   1903 |   4346 |   6 | 1549.7 |
     Snake Pit |   4382 |   4329 |     53 |   2004 |   1112 |   4 | 1095.5 |
  Orcish Mines |   2112 |   2074 |     38 |    711 |    669 |   2 | 1056.0 |
         Abyss |    222 |    222 |      0 |    136 |      4 |   3 |   74.0 |
               +--------+--------+--------+--------+--------+-----+--------+

Top non-repeatable levels by time:
  Lair:6: 2911 daAuts
  Lair:5: 1817 daAuts
 Snake:2: 1760 daAuts
    D:12: 1752 daAuts
  Lair:2: 1389 daAuts
     D:8: 1372 daAuts
     D:1: 1364 daAuts
     D:2: 1301 daAuts
 Snake:3: 1272 daAuts
     D:6: 1257 daAuts
    D:11: 1251 daAuts
  Lair:4: 1218 daAuts
    D:10: 1183 daAuts
   Orc:1: 1151 daAuts
    D:15: 1106 daAuts
